 Dungeon Crawl Stone Soup version 0.21.0-3-g78d12a8 (webtiles) character file.

3771 Daviar the Zephyrmancer (level 10, 0/50 HPs)
             Began as a Tengu Air Elementalist on Jan 14, 2018.
             Was an Initiate of Ashenzari.
             Splashed by Maurice's acid (16 damage)
             ... on level 9 of the Dungeon.
             The game lasted 00:26:12 (10815 turns).

Daviar the Zephyrmancer (Tengu Air Elementalist)   Turns: 10815, Time: 00:26:12

Health: 0/50       AC:  2    Str:  9    XL:     10   Next: 16%
Magic:  11/22      EV: 13    Int: 18    God:    Ashenzari [......]
Gold:   173        SH:  3    Dex: 15    Spells: 9/24 levels left

rFire    . . .     SeeInvis +   w - +0 spear (flame) (curse)
rCold    . . .     Gourm    .   (no shield)
rNeg     . . .     Faith    .   a - +1 robe (curse)
rPois    .         Spirit   .   (helmet restricted)
rElec    .         Reflect  +   d - +2 cloak (curse)
rCorr    .         Harm     .   (no gloves)
MR       .....                  (boots unavailable)
Stlth    ++........             G - +3 amulet of reflection (curse)
HPRegen  0.16/turn              Z - ring of see invisible (curse)
MPRegen  0.18/turn              (no ring)

@: corroded
A: beak, talons 3, able to fly 1
a: Fly, Curse Item, Renounce Religion


You were on level 9 of the Dungeon.
You worshipped Ashenzari.
Ashenzari was noncommittal.
You were not hungry.

You visited 1 branch of the dungeon, and saw 9 of its levels.

You collected 408 gold pieces.
You spent 235 gold pieces at shops.

Inventory:

Hand Weapons
 w - a cursed +0 spear of flaming (weapon)
Armour
 a - a cursed +1 robe (worn)
 d - a cursed +2 cloak (worn)
Jewellery
 G - a cursed +3 amulet of reflection (around neck)
 Z - a cursed ring of see invisible (left hand)
Wands
 s - a wand of acid (10)
 y - a wand of enslavement (5)
 B - a wand of polymorph (8)
 E - a wand of flame (36)
Scrolls
 h - 5 scrolls of amnesia
 i - 7 scrolls of identify
 j - a scroll of fog
 k - 2 scrolls of enchant weapon
 l - 2 scrolls of fear
 p - 10 scrolls of enchant armour
 t - 4 scrolls of teleportation
 v - 3 scrolls of magic mapping
 A - a scroll of immolation {unknown}
 F - a scroll of random uselessness {unknown}
 H - a scroll of vulnerability {unknown}
Potions
 c - 2 potions of curing
 f - 2 potions of agility
 g - 3 potions of flight {unknown}
 m - 2 potions of resistance {unknown}
 o - 2 potions of degeneration {unknown}
 q - 2 potions of lignification {unknown}
 u - a potion of haste {unknown}
 x - 2 potions of might {unknown}
 z - 3 potions of magic {unknown}
 C - 2 potions of mutation {unknown}
 D - a potion of brilliance {unknown}
 I - a potion of heal wounds {unknown}
Books
 b - a book of Air

   Spells                             Type                      Level
   a - Shock                          Conjuration/Air              1
   b - Swiftness                      Charms/Air                   2
   c - Static Discharge               Conjuration/Air              3
   d - Airstrike                      Air                          4
   e - Lightning Bolt                 Conjuration/Air              5
Comestibles
 n - 15 rations


   Skills:
 - Level 2.1 Dodging
 - Level 2.0 Stealth
 + Level 7.9 Spellcasting
 + Level 10.7 Conjurations
 + Level 11.3 Air Magic


You had 9 spell levels left.
You knew the following spells:

 Your Spells              Type           Power        Failure   Level  Hunger
a - Shock                 Conj/Air       ####         1%          1    None
b - Swiftness             Chrm/Air       ####....     1%          2    None
c - Static Discharge      Conj/Air       #####...     1%          3    #......
d - Airstrike             Air            #####.....   1%          4    ###....
e - Lightning Bolt        Conj/Air       #####.....   3%          5    #####..


Dungeon Overview and Level Annotations

Branches:
Dungeon (9/15)             Temple (0/1) D:7
   Lair: D:8-11         Orc: D:9-12

Altars:
Ashenzari
Cheibriados
Dithmenos
Nemelex Xobeh
Okawaru
Uskayaw
Xom

Shops:
D:8 =

Annotations:
D:9 Maurice


Innate Abilities, Weirdness & Mutations

You have a beak for a mouth.
You have claws for feet.
You can fly.


Message History

You kill the ogre!
You now have 6/22 mp.
Maurice casts a spell.
Maurice puts on a burst of speed!
Maurice zaps a wand.
The bolt of acid hits you!
You are splashed with acid!
The acid burns!
You take 12 damage, and have 38/50 hp.
MASSIVE DAMAGE!!
Casting: Airstrike
Confirm with . or Enter, or press ? or * to list all spells.
Okay, then.
Evoke which item? (* to show all) (? for menu, Esc to quit)
Aiming: Corrosive Bolt
Press: ? - help, Shift-Dir - straight line, f - Maurice
Aim: Maurice, wielding a short sword, wearing a cloak and carrying a wand of acid (9) (covering ground quickly)
The bolt of acid hits Maurice.
Maurice is splashed with acid.
The acid corrodes Maurice!
Maurice is moderately wounded.
Maurice zaps a wand.
The bolt of acid hits you! The acid corrodes you!
You are splashed with acid!
The acid burns!
You die...

#........# #..........#
#...^....# #..........#
#........#####..........#
#......................##
#..........####@.......##
#........#.# #..........#
#........#..##........(.#
#........##.[#..........#
########## #.#..@..)....#
#.#..........#
#.##........##
#..##......## #..<....###
######..# #..# #..# #..#


You could see Maurice.

Vanquished Creatures
  A two-headed ogre (D:8)
  A wyvern (D:9)
  2 ice beasts
  3 orc warriors (D:6)
  Duvessa (D:6)
  A phantom (D:8)
  A black bear (D:7)
  2 centaurs
  3 ogres
  2 big kobolds (D:7)
  2 bullfrogs
  Dowan (D:6)
  4 scorpions
  5 howler monkeys
  2 electric eels (D:9)
  4 crimson imps
  2 centaur zombies
  5 orc priests
  2 hounds (D:8)
  3 jellies
  4 orc wizards
  A centaur skeleton (D:9)
  An iguana (D:4)
  3 worker ants
  2 hound zombies
  Robin (D:3)
  8 adders
  A shadow imp (D:9)
  2 adder zombies
  3 oozes
  2 adder skeletons
  A worm (D:3)
  3 dart slugs
  3 leopard geckos
  21 orcs
  A ball python (D:2)
  8 bats
  7 giant cockroaches
  14 goblins
  14 hobgoblins
  8 jackals
  33 kobolds
  8 quokkas
  16 frilled lizards
  2 jackal zombies
  13 rats
227 creatures vanquished.

Vanquished Creatures (others)
  A kobold (D:7)
1 creature vanquished.

Grand Total: 228 creatures vanquished

Notes
Turn   | Place    | Note
-------+----------+-------------------------------------------
     0 | D:1      | Daviar the Tengu Air Elementalist began the quest for the Orb.
     0 | D:1      | Reached XP level 1. HP: 10/10 MP: 4/4
   348 | D:1      | Reached XP level 2. HP: 15/15 MP: 0/6
   677 | D:1      | Reached XP level 3. HP: 19/19 MP: 5/7
   705 | D:1      | Learned a level 2 spell: Swiftness
   709 | D:1      | Learned a level 3 spell: Static Discharge
  1818 | D:2      | Reached XP level 4. HP: 22/24 MP: 0/9
  1964 | D:2      | Reached skill level 5 in Air Magic
  2558 | D:3      | Gained mutation: You can fly. [Tengu growth]
  2558 | D:3      | Reached XP level 5. HP: 28/28 MP: 5/10
  3563 | D:3      | Noticed Robin
  3571 | D:3      | Killed Robin
  3669 | D:3      | Learned a level 4 spell: Airstrike
  3968 | D:4      | Reached XP level 6. HP: 25/32 MP: 4/12
  4077 | D:4      | Reached skill level 6 in Air Magic
  4208 | D:4      | Reached skill level 5 in Conjurations
  4400 | D:4      | Found a shimmering altar of Xom.
  4400 | D:4      | Found an iron altar of Okawaru.
  4891 | D:5      | Entered Level 5 of the Dungeon
  4950 | D:5      | Reached XP level 7. HP: 36/36 MP: 8/14
  5292 | D:5      | Found a shattered altar of Ashenzari.
  5327 | D:5      | Reached skill level 7 in Air Magic
  5358 | D:5      | Became a worshipper of Ashenzari the Shackled
  5641 | D:5      | Found a shadowy altar of Dithmenos.
  6110 | D:6      | Reached skill level 5 in Spellcasting
  6110 | D:6      | Reached XP level 8. HP: 25/41 MP: 6/16
  6224 | D:6      | Learned a level 5 spell: Lightning Bolt
  6259 | D:6      | Noticed Dowan
  6261 | D:6      | Noticed Duvessa
  6412 | D:6      | Killed Duvessa
  6412 | D:6      | Reached skill level 8 in Air Magic
  6417 | D:6      | Killed Dowan
  7370 | D:7      | Reached skill level 9 in Air Magic
  7560 | D:7      | Found a staircase to the Ecumenical Temple.
  7746 | D:7      | Reached XP level 9. HP: 45/45 MP: 15/19
  7934 | D:7      | Found a hide-covered altar of Uskayaw.
  7943 | D:7      | Found a snail-covered altar of Cheibriados.
  8306 | D:7      | Found a sparkling altar of Nemelex Xobeh.
  8963 | D:8      | Noticed a two-headed ogre
  8980 | D:8      | Killed a two-headed ogre
  8980 | D:8      | Reached skill level 10 in Air Magic
  9437 | D:8      | Reached skill level 10 in Conjurations
  9732 | D:8      | Found a shimmering altar of Xom.
 10093 | D:8      | Reached skill level 11 in Air Magic
 10093 | D:8      | Reached XP level 10. HP: 50/50 MP: 9/22
 10185 | D:8      | Found Wuywaf's Jewellery Emporium.
 10193 | D:8      | Bought a +3 amulet of reflection for 235 gold pieces
 10786 | D:9      | Noticed Maurice
 10815 | D:9      | Splashed by Maurice's acid

Skill      XL: |  1  2  3  4  5  6  7  8  9 |
---------------+----------------------------+-----
Conjurations   | 2 3 4 5 6 8 10 | 10.7
Air Magic      | 5 6 7 9 11 | 11.3
Spellcasting   | 3 4 5 6 7 |  7.9
Dodging        | |  2.1
Stealth        | |  2.0

Action                   |  1- 3 |  4- 6 |  7- 9 | 10-12 || total
-------------------------+-------+-------+-------+-------++-------
Melee: Unarmed           |    26 |     3 |       |       ||    29
       Kick              |     9 |    12 |    10 |     1 ||    32
       Peck              |     1 |     5 |    10 |       ||    16
       Club              |       |    40 |       |       ||    40
       Spear             |       |       |    80 |     3 ||    83
 Cast: Shock             |    68 |   120 |   200 |     5 ||   393
       Static Discharge  |       |     1 |     3 |       ||     4
       Airstrike         |       |     4 |    45 |    16 ||    65
       Lightning Bolt    |       |       |     7 |       ||     7
       Swiftness         |       |       |     1 |       ||     1
Invok: Curse Item        |       |       |     3 |     2 ||     5
 Abil: Fly               |       |       |     2 |       ||     2
Evoke: Wand              |       |       |       |     1 ||     1
  Use: Scroll            |       |     9 |       |       ||     9
       Potion            |       |       |     4 |       ||     4
 Stab: Sleeping          |       |       |     1 |       ||     1
  Eat: Chunk             |     3 |    11 |    15 |     1 ||    30
       Ration            |       |       |     3 |     1 ||     4
Armor: Robe              |    17 |    19 |    40 |       ||    76
Dodge: Dodged            |    44 |    45 |   107 |     4 ||   200
Block: Other             |       |       |       |     2 ||     2
